 Dungeon Crawl Stone Soup version 0.24-a0-434-gd57e52fea8 (webtiles) character file.

Game seed: 17693499805187175909

3589 Elric the Artisan of Death (level 9, -1/71 HPs)
             Began as a Demonspawn Fighter on June 15, 2019.
             Was a Priest of Kikubaaqudgha.
             Slain by a wight
             ... wielding a cursed +0 flail
              (9 damage)
             ... on level 8 of the Dungeon.
             The game lasted 00:12:21 (8357 turns).

Elric the Artisan of Death (Demonspawn Fighter)     Turns: 8357, Time: 00:12:24

Health: -1/71      AC:  5    Str: 18    XL:     9   Next: 85%
Magic:  14/14      EV:  8    Int: 11    God:    Kikubaaqudgha [***...]
Gold:   293        SH:  9    Dex: 13    Spells: 13/15 levels left

rFire    + . .     SeeInvis .   v - +3 war axe (freeze)
rCold    + . .     Gourm    .   c - +0 shield
rNeg     . . .     Faith    .   x - +2 robe {rF+}
rPois    .         Spirit   .   (no helmet)
rElec    .         Reflect  .   G - scarf {cloud immunity}
rCorr    .         Harm     .   s - +0 pair of gloves
MR       .....                  (no boots)
Stlth    +.........             B - amulet of regeneration
HPRegen  0.61/turn              t - ring of protection from cold
MPRegen  0.14/turn              (no ring)

@: heavily drained
A: hooves 2, powered by death 1
a: Receive Corpses, Renounce Religion


You were on level 8 of the Dungeon.
You worshipped Kikubaaqudgha.
Kikubaaqudgha was most pleased with you.
You were not hungry.

You visited 1 branch of the dungeon, and saw 8 of its levels.

You collected 348 gold pieces.
You spent 55 gold pieces at shops.

Inventory:

Hand Weapons
 v - a +3 war axe of freezing (weapon)
Armour
 c - a +0 shield (worn)
 r - a +0 plate armour
 s - a +0 pair of gloves (worn)
 x - a +2 robe of fire resistance (worn)
 G - a scarf of cloud immunity (worn)
Jewellery
 e - an uncursed amulet of guardian spirit
 t - a ring of protection from cold (left hand)
 B - an amulet of regeneration (around neck)
Wands
 w - a wand of polymorph (11)
 H - a wand of flame (16)
Scrolls
 a - 2 scrolls of fear {unknown}
 h - 6 scrolls of remove curse {unknown}
 j - 7 scrolls of identify
 k - 5 scrolls of teleportation {unknown}
 m - 4 scrolls of amnesia {unknown}
 n - a scroll of immolation {unknown}
 o - 3 scrolls of magic mapping {unknown}
 p - a scroll of fog {unknown}
 q - a scroll of blinking {unknown}
 y - 2 scrolls of enchant armour {unknown}
 C - a scroll of noise {unknown}
Potions
 b - a potion of resistance {unknown}
 d - a potion of might
 g - 2 potions of ambrosia {unknown}
 i - 4 potions of curing
 l - a potion of agility {unknown}
 u - 5 potions of brilliance {unknown}
 z - a potion of berserk rage {unknown}
 A - a potion of degeneration {unknown}
 D - 2 potions of mutation {unknown}
 E - a potion of heal wounds
 F - a potion of invisibility {unknown}
Comestibles
 f - 12 rations


   Skills:
 + Level 6.8(4.4) Fighting
 + Level 5.8(3.4) Axes
 - Level 4.5(2.2) Armour
 + Level 5.5(3.2) Shields
 + Level 3.9(1.7) Spellcasting
 * Level 8.5(6.0) Necromancy


You had 13 spell levels left.
You knew the following spells:

 Your Spells              Type           Power        Failure   Level  Hunger
a - Animate Skeleton      Necr           N/A          12%         1    ##.....
b - Pain                  Necr           ##..         12%         1    ##.....

Your spell library contained the following spells:

 Spells                   Type           Power        Failure   Level  Hunger
 Sublimation of Blood     Necr           ##........   17%         2    ###....
 Regeneration             Chrm/Necr      #.........   75%         3    ####...
 Corona                   Hex            #......      80%         1    ##.....
 Flame Tongue             Conj/Fire      #....        80%         1    ##.....
 Ensorcelled Hibernation  Hex/Ice        #.....       90%         2    ###....
 Throw Flame              Conj/Fire      #.....       90%         2    ###....
 Dispel Undead            Necr           ##......     97%         5    ######.
 Confuse                  Hex            #.......     99%         3    ####...
 Conjure Flame            Conj/Fire      #.......     99%         3    ####...
 Dazzling Spray           Conj/Hex       #.....       99%         3    ####...
 Inner Flame              Hex/Fire       #.......     99%         3    ####...
 Tukima's Dance           Hex            #.......     99%         3    ####...
 Sticky Flame             Conj/Fire      #.......     100%        4    #####..
 Borgnjor's Vile Clutch   Necr/Erth      #.........   100%        5    ######.
 Excruciating Wounds      Chrm/Necr      #.........   100%        5    ######.
 Fireball                 Conj/Fire      #.........   100%        5    ######.
 Death Channel            Necr           ##........   100%        6    #######
 Simulacrum               Ice/Necr       #.........   100%        6    #######


Dungeon Overview and Level Annotations

Branches:
Dungeon (8/15)             Temple (0/1) D:5
   Lair: D:8-11

Altars:
Kikubaaqudgha
Makhleb
Qazlal
Trog
Xom
Yredelemnul
Zin

Shops:
D:4 !

Annotations:
D:5 1 runed translucent door, Mushiatsui's ghost, novice DrTm
D:7 2 transporters, stonage's ghost, novice OpHu


Innate Abilities, Weirdness & Mutations

You have hoof-like feet.
You regenerate a little health from kills.


Message History

The wight hits you with a cursed +0 falchion!
You feel drained.
The wight hits you with a cursed +0 falchion.
You feel drained.
You hit the wight but do no damage. Your kick misses the wight.
The wight is almost destroyed.
The wight hits you with a cursed +0 falchion.
* * * LOW HITPOINT WARNING * * *
You closely miss the wight. You kick the wight.
You destroy the wight!
Kikubaaqudgha accepts your kill.
You slash the wight! You freeze the wight.
The wight is almost destroyed.
The wight hits you with a cursed +0 flail!
* * * LOW HITPOINT WARNING * * *
You feel drained.
* * * LOW HITPOINT WARNING * * *
The wight hits you with a cursed +0 flail!
You die...
Kikubaaqudgha rasps: "You have failed me!
Welcome... death!"

'### ##.###### ...#
#.......# ...#
######.......# ...#
###....#.......# ...#
######.'............#
...#####......#............#
...##.........#............#
#####.........#####.#.....##
))..'.........'z@...........
#####.........#####.#.......
........#####.# #.#.......
####.########.### #.# (....
................#
##...########)#.# #...#
#.#.# #...# #(#)## #..)#
#.#..#


You could see a wight.

Vanquished Creatures
  Pikel (D:7)
  A slime creature (D:8)
  A water moccasin (D:7)
  Edmund (D:4)
  A black bear (D:7)
  A phantom (D:5)
  An ice beast (D:6)
  2 centaurs
  4 ogres
  A bullfrog (D:8)
  A big kobold (D:7)
  2 scorpions (D:4)
  8 wights
  3 howler monkeys (D:8)
  3 crimson imps (D:8)
  2 bullfrog zombies (D:6)
  5 orc priests
  A bullfrog skeleton (D:6)
  A centaur skeleton (D:4)
  4 hounds
  5 jellies
  Jessica (D:3)
  8 worker ants
  6 orc wizards
  A hound zombie (D:5)
  Robin (D:3)
  3 gnolls (D:7)
  8 adders
  3 shadow imps
  11 oozes (D:8)
  An adder skeleton (D:5)
  2 adder zombies
  6 dart slugs
  4 leopard geckos
  10 orcs
  5 bats
  7 giant cockroaches
  14 goblins
  8 hobgoblins
  16 jackals
  3 quokkas
  2 ball pythons
  2 frilled lizards
  12 kobolds
  A leopard gecko skeleton (D:7)
  A quokka skeleton (D:6)
  6 rats
  A fungus (D:8)
192 creatures vanquished.

Vanquished Creatures (collateral kills)
  An orc (D:5)
  2 kobolds (D:7)
3 creatures vanquished.

Vanquished Creatures (others)
  A human (D:3)
  5 fungi (D:8)
6 creatures vanquished.

Grand Total: 201 creatures vanquished

Notes
Turn   | Place    | Note
-------+----------+-------------------------------------------
     0 | D:1      | Elric the Demonspawn Fighter began the quest for the Orb.
     0 | D:1      | Reached XP level 1. HP: 18/18 MP: 1/1
    83 | D:1      | Gained mutation: You have large cloven feet. [demonic
                  | ancestry]
    83 | D:1      | Reached XP level 2. HP: 17/24 MP: 2/2
   812 | D:1      | Reached XP level 3. HP: 26/29 MP: 3/3
  1439 | D:2      | Reached XP level 4. HP: 35/35 MP: 4/4
  1463 | D:2      | Found a glowing silver altar of Zin.
  1553 | D:2      | Found a bloodstained altar of Trog.
  1553 | D:2      | Found a shimmering altar of Xom.
  1873 | D:2      | Found a burning altar of Makhleb.
  1875 | D:2      | Noticed an Executioner
  1982 | D:3      | Noticed Robin
  2559 | D:3      | Killed Robin
  2589 | D:3      | Noticed Jessica
  2597 | D:3      | Killed Jessica
  2597 | D:3      | Gained mutation: You have hoof-like feet. [demonic
                  | ancestry]
  2597 | D:3      | Reached XP level 5. HP: 34/42 MP: 5/5
  2907 | D:3      | Found an ancient bone altar of Kikubaaqudgha.
  2912 | D:3      | Noticed a human
  2914 | D:3      | Killed a human
  2917 | D:3      | Became a worshipper of Kikubaaqudgha
  3095 | D:4      | You fall into a shaft and drop 2 floors!
  3149 | D:6      | Noticed an ogre
  3153 | D:6      | Reached skill level 1 in Necromancy
  3159 | D:6      | Killed an ogre
  3159 | D:6      | Reached XP level 6. HP: 14/48 MP: 1/6
  3168 | D:6      | Reached skill level 2 in Necromancy
  3446 | D:5      | Entered Level 5 of the Dungeon
  3455 | D:5      | Noticed Mushiatsui's ghost (novice DrTm)
  3457 | D:5      | Found a runed translucent door.
  3585 | D:4      | Reached skill level 3 in Necromancy
  3585 | D:4      | Reached XP level 7. HP: 21/55 MP: 5/7
  3741 | D:4      | Found Roydot's Distillery.
  3771 | D:4      | Bought a potion of heal wounds for 55 gold pieces
  3824 | D:4      | Noticed Edmund
  3836 | D:4      | Reached * piety under Kikubaaqudgha
  3836 | D:4      | Identified Kikubaaqudgha's Handbook of Black Magic
                  | (Kikubaaqudgha gifted it to you on level 4 of the Dungeon)
  3836 | D:4      | Received a gift from Kikubaaqudgha
  3836 | D:4      | Reached skill level 4 in Necromancy
  3841 | D:4      | Killed Edmund
  3841 | D:4      | Reached skill level 5 in Fighting
  3852 | D:4      | Learned a level 1 spell: Animate Skeleton
  3854 | D:4      | Learned a level 1 spell: Pain
  4109 | D:4      | Reached XP level 8. HP: 57/62 MP: 8/8
  4611 | D:5      | Found a staircase to the Ecumenical Temple.
  4634 | D:5      | Reached skill level 1 in Spellcasting
  4634 | D:5      | Reached skill level 5 in Necromancy
  5824 | D:6      | HP: 3/63 [orc priest/divine providence (11)]
  5833 | D:6      | Reached skill level 6 in Necromancy
  6150 | D:6      | Found a stormy altar of Qazlal.
  6248 | D:6      | Found a basalt altar of Yredelemnul.
  7000 | D:7      | Noticed Pikel
  7011 | D:7      | Killed Pikel
  7011 | D:7      | Reached skill level 5 in Axes
  7011 | D:7      | Reached skill level 7 in Necromancy
  7011 | D:7      | Gained mutation: You regenerate a little health from kills.
                  | [demonic ancestry]
  7011 | D:7      | Reached XP level 9. HP: 35/69 MP: 6/13
  7250 | D:7      | Found a transporter.
  7263 | D:7      | Found a transporter.
  7269 | D:7      | Reached ** piety under Kikubaaqudgha
  7283 | D:7      | Noticed a moth of wrath
  7283 | D:7      | Noticed stonage's ghost (novice OpHu)
  7283 | D:7      | Noticed a seven-headed hydra
  7510 | D:7      | Reached skill level 5 in Shields
  7851 | D:8      | Reached skill level 8 in Necromancy
  8296 | D:8      | Reached *** piety under Kikubaaqudgha
  8296 | D:8      | Identified Kikubaaqudgha's Guide on Black Rites
                  | (Kikubaaqudgha gifted it to you on level 8 of the Dungeon)
  8296 | D:8      | Received a gift from Kikubaaqudgha
  8357 | D:8      | Slain by a wight

Levels and vault maps discovered:
D:1:      dpeg_arrival_refuge, layout_loops_cross
D:2:      layout_loops_ring, nicolae_overflow_crystal_walls,
          gammafunk_temple_overflow_pools, makhleb_altar_promises_db
D:3:      kennysheep_big_flooded_room, layout_basic, tgw_kikubaaqudgha,
          uniq_jessica, uniq_robin
D:4:      layout_basic, serial_shops, nicolae_shop_stone, serial_glass,
          glass_columns_a, glass_columns_b, nicolae_ossuary_entry_monument,
          uniq_edmund
D:5:      layout_basic, minmay_temple_entry_offerings,
          hellmonk_ghost_happy_afterlife, first_ration,
          chequers_serial_rivers_small_b, dk_noncrumbling_3, minmay_door_square,
          grunt_ministairs_11, kennysheep_generic_room_10
D:6:      layout_basic, nicolae_overflow_hidden_temple
D:7:      layout_gridville, gammafunk_ghost_berserking_beasts, uniq_pikel
D:8:      lemuel_slime, layout_basic

Skill      XL: |  1  2  3  4  5  6  7  8  9 |
---------------+----------------------------+-----
Axes           | 2 3 4 5 |  5.8
Shields        | 3 4 5 |  5.5
Armour         | 3 4 |  4.5
Fighting       | 4 5 6 |  6.8
Necromancy     | 1 3 4 7 8 |  8.5
Spellcasting   | 2 3 |  3.9

Action                   |  1- 3 |  4- 6 |  7- 9 || total
-------------------------+-------+-------+-------++-------
Melee: War axe           |    81 |   141 |   325 ||   547
       Kick              |    15 |    37 |    95 ||   147
 Cast: Animate Skeleton  |       |       |     5 ||     5
Invok: Receive Corpses   |       |       |     1 ||     1
  Use: Potion            |       |     3 |     1 ||     4
       Scroll            |       |       |     2 ||     2
  Eat: Chunk             |     1 |       |     4 ||     5
       Ration            |       |     4 |     2 ||     6
Armor: Scale mail        |    42 |    35 |       ||    77
       Plate armour      |       |    93 |    22 ||   115
       Robe              |       |       |    66 ||    66
Dodge: Dodged            |    31 |    38 |    86 ||   155
Block: Shield            |    39 |    83 |   145 ||   267

Table legend:
 A = Non-vault XP
 B = Vault XP
 C = Vault XP percentage of total XP
 D = Non-vault monster count
 E = Vault monster count
 F = Vault count percentage of total count
                 A         B        C        D         E       F
            +---------+---------+-------+---------+---------+-------
      Total |    3657 |    1471 |  28.7 |     157 |      37 |  19.1
            +---------+---------+-------+---------+---------+-------
        D:1 |      49 |       0 |   0.0 |      24 |       0 |   0.0
        D:2 |      61 |       8 |  11.6 |      13 |       4 |  23.5
        D:3 |      45 |      82 |  64.6 |      18 |      12 |  40.0
        D:4 |     811 |     154 |  16.0 |      23 |       1 |   4.2
        D:5 |     426 |      56 |  11.6 |      14 |       3 |  17.6
        D:6 |     827 |       0 |   0.0 |      28 |       0 |   0.0
        D:7 |     419 |     651 |  60.8 |      12 |       1 |   7.7
        D:8 |    1019 |     520 |  33.8 |      25 |      16 |  39.0
            +---------+---------+-------+---------+---------+-------
